 Dungeon Crawl Stone Soup version 0.31-a0-876-gfe8ebadbca (webtiles) character file.

Game seed: 18395010300219947134

9 Azuregosa the Sneak (level 2, -6/21 HPs)
             Began as an Octopode Delver on Oct 13, 2023.
             Was a Follower of Uskayaw.
             Mangled by an orc warrior
             ... wielding a +0 hand axe
              (16 damage)
             ... on level 4 of the Dungeon.
             The game lasted 00:03:02 (223 turns).

Azuregosa the Sneak (Octopode Delver)                Turns: 223, Time: 00:03:03

Health: -6/21      AC:  1    Str: 11    XL:     2   Next: 16%
Magic:  2/2        EV: 13    Int: 12    God:    Uskayaw [*.....]
Gold:   44         SH:  0    Dex: 13    Spells: 1/1 levels left

rFire   . . .        a - +0 short sword
rCold   . . .        (no shield)
rNeg    . . .        (helmet restricted)
rPois   .            (no amulet)
rElec   .            (no ring)
rCorr   .            (no ring)
SInv    .            (no ring)
Will    .....        (no ring)
Stlth   ++++         (no ring)
HPRegen 0.23/turn    (no ring)
MPRegen 0.08/turn    (no ring)
                     (no ring)

%: no passive effects
@: no status effects
A: almost no armour, amphibious, 8 rings, camouflage 1, gelatinous body 1,
(nimble swimmer 1), tentacles
a: Renounce Religion, Stomp


You were on level 4 of the Dungeon.
You worshipped Uskayaw.
Uskayaw was noncommittal.
You visited 1 branch of the dungeon, and saw 2 of its levels.

You collected 44 gold pieces.

Inventory:

Hand Weapons
 a - a +0 short sword (weapon)
Talismans
 g - a beast talisman
Wands
 f - a wand of digging (3)
Scrolls
 b - a scroll of fog
 d - a scroll of fear
 h - a scroll of vulnerability {unknown}
Potions
 c - a potion of heal wounds {unknown}
 e - a potion of haste


   Skills:
 - Level 3.0 Fighting
 - Level 2.0 Short Blades
 - Level 2.0 Dodging
 + Level 7.2 Stealth


You had one spell level left.
You didn't know any spells.
Your spell library was empty.

Dungeon Overview and Level Annotations

Branches:
Dungeon (5/15)             Temple (0/1) D:5

Altars:
Uskayaw


Innate Abilities, Weirdness & Mutations

You cannot wear most types of armour.
You are amphibious.
You can wear up to eight rings at the same time.
Your skin changes colour to match your surroundings (Stealth+).
Your rubbery body absorbs attacks. (AC +1, EV +1)
((You are camouflaged when in or above water. (Stealth+)))
You have tentacles for arms and can constrict up to eight enemies at once.


Message History

Found a stone staircase leading up.
There is a stone staircase leading up here.
You climb upwards.
There is a stone staircase leading down here.
You open the door.
A ball python comes into view.
There is an open door here.
Found 11 gold pieces.
The helpless ball python fails to defend itself.
You impale the ball python!!
You kill the ball python!
You now have 44 gold pieces (gained 11).
You open the door.
There is an open door here.
You open the door. You open the door.
There is an open door here.
h - a scroll labelled QAIKKE VESYB An orc comes into view.
It is wielding a +0 flail.
Found 5 stones.
The orc shouts!
You hear a shout! x3
An orc priest comes into view. It is wielding a +0 heavy flail.
An orc warrior comes into view. It is wielding a +0 hand axe.
You hit the orc. You grab the orc.
The orc is heavily wounded.
You constrict the orc. The orc barely misses you.
The orc warrior closely misses you.
You barely miss the orc.
The orc is heavily wounded.
You constrict the orc. The orc misses you.
An orc comes into view. It is wielding a +0 whip.
The orc warrior hits you with a +0 hand axe!
Ouch! That really hurt!
The orc shouts!
You release your grip on the orc.
The orc barely misses you.
The orc warrior attacks as it pursues you!
The orc warrior hits you with a +0 hand axe!
Ouch! That really hurt!
You die...

....†###.############
#......#.##...#.....#
#......'......#.....#
#......#......# ....#
#......#......# ...#
#......##'###'# ..#######
#.....##..##..#####.o..(...
#.....#...#.......oo#
#.....#...#.....@o..#
#.....#...+.........#
#.....#...##........#
######........# #.........+
#.........# ##...###+##
####


You could see an orc warrior, an orc priest and 2 orcs.

Vanquished Creatures
  An adder (D:5)
  A ball python (D:4)
2 creatures vanquished.

Notes
Turn   | Place    | Note
-------+----------+-------------------------------------------
     0 | D:5      | Azuregosa the Octopode Delver began the quest for the Orb.
     0 | D:5      | Reached XP level 1. HP: 16/16 MP: 1/1
    32 | D:5      | Found a hide-covered altar of Uskayaw.
    39 | D:5      | Became a worshipper of Uskayaw the Reveller
    53 | D:5      | Reached * piety under Uskayaw
    54 | D:5      | Reached skill level 7 in Stealth
    54 | D:5      | Reached XP level 2. HP: 21/21 MP: 2/2
   218 | D:4      | Noticed an orc warrior
   223 | D:4      | Mangled by an orc warrior

Illustrated notes

Levels and vault maps discovered:
D:4:      layout_gridville, uniq_blork_the_orc, uniq_pikel
D:5:      layout_basic, mainiacjoe_overflow_alcove_2,
          mainiacjoe_overflow_divided_tiny, mainiacjoe_overflow_tiny_flanked,
          temple_fountains, uniq_ijyb

Skill      XL: |  1 |
---------------+----+-----
Stealth        | 7 |  7.2
Fighting       | |  3.0
Short Blades   | |  2.0
Dodging        | |  2.0

Action                     || total
---------------------------++-------
  Melee: Short sword       ||     4
         Constrict         ||     1
    Use: Scroll            ||     1
   Stab: Sleeping          ||     2
 Armour: Skin              ||     2
  Dodge: Dodged            ||     4

Table legend: (Time is in decaauts)
 A = Elapsed time spent in this place.
 B = Non-inter-level travel time spent in this place.
 C = Inter-level travel time spent in this place.
 D = Time resting spent in this place.
 E = Time spent auto-exploring this place.
 F = Levels seen in this place.
 G = Mean time per level.
                   A        B        C        D        E       F      G
               +--------+--------+--------+--------+--------+-----+--------+
         Total |    222 |    222 |      0 |      0 |     60 |   2 |  111.0 |
       Dungeon |    222 |    222 |      0 |      0 |     60 |   2 |  111.0 |
               +--------+--------+--------+--------+--------+-----+--------+

Top non-repeatable levels by time:
     D:5: 174 daAuts
     D:4: 47 daAuts
